Map: New Repugnancy LE

Players

Lambo - Winner!

  • Race: Zerg Zerg
  • League: Grandmaster
  • Spawn Location: 1:00

NoxDNoSkill

  • Race: Terran Terran
  • League: Master
  • Spawn Location: 7:00

VOD

Have the link to the VOD?

Description

Time

  • Played on: Feb. 5, 2019, 11:47 a.m.
  • Length: 19:11
Show
View Real Time Build Order
Export as new Build Order

Lambo Zerg - Winner!

Build Orders: Hatch First, Brood Lord Corruptor 

Get SALT Encoding   

  12  0:02  Drone  
  13  0:14  Overlord  
  13  0:18  Drone  
  14  0:33  Drone x2  
  16  0:51  Hatchery  
  16  0:53  Drone  
  16  0:56  Drone  
  17  0:59  Drone  
  18  1:11  Extractor  
  17  1:14  Spawning Pool  
  17  1:17  Drone  
  17  1:22  Drone  
  18  1:29  Drone  
  19  1:41  Drone  
  20  1:55  Overlord  
  20  2:02  Queen  
  20  2:03  Queen  
  20  2:04  Zergling x4  
  26  2:11  Metabolic Boost  
  26  2:14  Drone  
  26  2:15  Drone  
  28  2:23  Drone  
  28  2:28  Drone  
  30  2:38  Drone x2  
  31  2:47  Hatchery  
  30  2:53  Drone  
  30  2:54  Pneumatized Carapace  
  30  2:58  Overlord  
  31  3:03  Drone x2  
  33  3:14  Spore Crawler  
  33  3:16  Drone  
  33  3:17  Drone x3  
  33  3:19  Queen  
  37  3:23  Overlord  
  37  3:26  Drone  
  40  3:34  Drone x2  
  42  3:45  Queen  
  42  3:46  Drone x3  
  47  3:53  Zergling x4  
  47  3:54  Zergling x4  
  51  3:58  Queen  
  51  4:01  Drone, Baneling Nest  
  53  4:03  Spore Crawler  
  53  4:05  Overlord  
  53  4:07  Drone  
  53  4:13  Zergling x2  
  53  4:15  Drone x2  
  56  4:19  Drone  
  56  4:20  Overlord  
  56  4:22  Queen  
  59  4:24  Spore Crawler  
  59  4:26  Overlord  
  58  4:31  Overlord  
  58  4:38  Queen  
  58  4:39  Overlord  
  58  4:40  Drone x2  
  58  4:44  Drone x2  
  64  4:47  Drone x2  
  64  4:48  Drone  
  64  4:50  Drone  
  64  4:52  Drone  
  69  4:55  Evolution Chamber  
  69  4:58  Extractor  
  69  4:59  Evolution Chamber, Extractor, Zergling x2  
  66  5:02  Drone x3  
  69  5:07  Baneling x7  
  69  5:09  Zergling x2  
  69  5:10  Baneling x2  
  70  5:14  Baneling x2  
  70  5:15  Drone x2  
  70  5:17  Overlord  
  72  5:26  Zergling x10  
  72  5:31  Zergling x12  
  68  5:37  Zergling x4  
  68  5:38  Zergling x2  
  68  5:39  Queen  
  71  5:44  Zergling x4  
  71  5:49  Drone x3  
  73  5:50  Drone x2  
  73  5:54  Drone x2  
  76  5:57  Queen  
  76  5:59  Drone x2, Lair  
  80  6:04  Overlord  
  80  6:07  Drone  
  79  6:16  Drone x3  
  79  6:17  Extractor  
  79  6:18  Zerg Missile Weapons Level 1  
  76  6:22  Drone  
  76  6:24  Extractor x2  
  76  6:25  Drone  
  76  6:27  Drone x2  
  76  6:29  Queen  
  76  6:30  Drone  
  76  6:31  Baneling x3  
  81  6:33  Hatchery  
  81  6:34  Queen  
  81  6:35  Drone x2  
  81  6:37  Zerg Melee Weapons Level 1  
  84  6:42  Drone  
  85  6:49  Overlord  
  85  6:51  Drone  
  85  6:52  Zergling x6  
  85  6:54  Baneling x4  
  89  6:56  Overlord  
  89  6:58  Centrifical Hooks  
  89  7:02  Overseer, Hydralisk Den  
  89  7:05  Overlord  
  89  7:06  Overlord  
  89  7:07  Overlord  
  89  7:08  Overlord  
  88  7:12  Queen  
  90  7:16  Zergling x12  
  96  7:27  Infestation Pit  
  96  7:28  Baneling x2  
  95  7:31  Hydralisk x2  
  95  7:32  Hydralisk x3  
  95  7:35  Muscular Augments, Zergling x4  
  107  7:37  Drone  
  107  7:43  Zergling x12  
  114  7:49  Drone x4  
  114  7:50  Drone  
  119  8:00  Drone x4  
  119  8:01  Hydralisk  
  119  8:03  Baneling x3, Extractor  
  119  8:04  Baneling x2  
  119  8:05  Hydralisk  
  126  8:10  Hydralisk x2  
  126  8:11  Hydralisk  
  132  8:13  Baneling x4  
  132  8:19  Drone x4  
  136  8:27  Baneling x12  
  136  8:31  Baneling x3  
  136  8:33  Overlord  
  131  8:42  Zergling x10  
  131  8:46  Grooved Spines  
  131  8:47  Hydralisk x2  
  131  8:48  Zergling x16  
  124  8:50  Hydralisk x2  
  124  8:54  Hydralisk x2  
  126  8:57  Zerg Melee Weapons Level 2  
  126  8:58  Drone x2  
  128  9:08  Hatchery  
  128  9:09  Queen  
  127  9:13  Hive  
  127  9:14  Zerg Missile Weapons Level 2  
  129  9:20  Hydralisk x2  
  129  9:24  Spine Crawler, Baneling x3  
  132  9:25  Extractor  
  132  9:26  Drone x2  
  132  9:27  Drone  
  132  9:28  Drone x2  
  132  9:29  Drone  
  137  9:32  Hydralisk  
  137  9:35  Hydralisk  
  141  9:47  Spine Crawler  
  141  9:48  Hydralisk, Spore Crawler  
  141  9:49  Hydralisk  
  141  9:50  Overlord  
  141  9:51  Spore Crawler  
  134  10:01  Hydralisk x2  
  134  10:02  Zergling x4  
  134  10:05  Drone  
  134  10:06  Drone x4  
  133  10:09  Hydralisk x2  
  133  10:10  Zergling x14  
  144  10:17  Baneling x5  
  144  10:19  Zergling x14  
  151  10:21  Queen  
  151  10:27  Overlord, Spire  
  151  10:28  Baneling x3  
  152  10:31  Viper x2  
  158  10:37  Overseer  
  158  10:43  Overlord  
  158  10:44  Queen  
  158  10:48  Viper x2  
  153  10:55  Drone  
  153  10:56  Drone x3  
  156  10:58  Extractor  
  155  11:06  Hydralisk x9  
  173  11:18  Overlord x3  
  173  11:20  Extractor  
  173  11:22  Zerg Ground Armor Level 1, Overseer  
  172  11:27  Baneling  
  172  11:30  Overseer  
  172  11:32  Zerg Missile Weapons Level 3  
  172  11:33  Drone  
  172  11:36  Drone  
  172  11:37  Overlord  
  172  11:38  Hydralisk x6  
  172  11:39  Zergling x20  
  196  11:51  Spine Crawler  
  196  11:53  Spine Crawler  
  194  11:55  Hatchery  
  194  11:59  Greater Spire, Hydralisk  
  194  12:00  Hydralisk x2  
  199  12:04  Baneling  
  199  12:05  Baneling x13  
  199  12:06  Zergling x2  
  199  12:07  Zergling x2  
  195  12:09  Baneling x5  
  190  12:19  Unknown  
  187  12:22  Hydralisk  
  187  12:23  Hydralisk, Zergling x18  
  200  12:32  Baneling x3  
  200  12:33  Baneling x11  
  200  12:41  Zergling x10  
  198  12:46  Hydralisk, Zergling x2  
  198  12:55  Unknown, Zergling x26  
  190  12:58  Zergling x4  
  171  13:06  Hydralisk, Zergling x2  
  171  13:07  Zergling x4  
  171  13:12  Corruptor x2  
  172  13:14  Baneling x2  
  172  13:17  Corruptor x3  
  182  13:22  Hatchery  
  182  13:24  Zerg Flyer Armor Level 1  
  182  13:25  Zerg Ground Armor Level 2  
  181  13:28  Baneling x7  
  177  13:37  Corruptor x2  
  177  13:39  Overlord  
  180  13:52  Pathogen Glands  
  180  13:57  Corruptor x2  
  180  13:59  Brood Lord x3, Hatchery  
  180  14:01  Overlord  
  189  14:04  Overlord  
  185  14:19  Overlord  
  185  14:28  Extractor, Brood Lord  
  185  14:29  Brood Lord x2  
  190  14:31  Overlord x2  
  188  14:42  Brood Lord x3  
  191  14:55  Corruptor x5  
  182  15:12  Corruptor x4  
  185  15:16  Drone x2  
  185  15:17  Drone  
  185  15:21  Infestor x5  
  188  15:25  Extractor  
  188  15:26  Neural Parasite  
  197  15:33  Zerg Melee Weapons Level 3  
  194  15:58  Brood Lord x2  
  198  16:06  Spine Crawler  
  198  16:07  Spine Crawler  
  198  16:10  Brood Lord  
  198  16:13  Extractor  
  198  16:18  Spine Crawler, Extractor  
  194  16:19  Spine Crawler, Brood Lord x3  
  191  16:27  Corruptor x4  
  191  16:32  Zergling x2  
  200  16:41  Overseer x3  
  199  17:05  Zergling x2  
  200  17:21  Overseer  
  199  17:50  Baneling x2  
  199  18:05  Brood Lord x3  
  187  18:06  Overseer x2  
  187  18:09  Zergling x38  
  200  18:18  Spire  
  199  18:28  Baneling x38  
  199  18:31  Overseer  
Show
View Real Time Build Order
Export as new Build Order

NoxDNoSkill Terran 

Build Orders: Hellion Opening, Reaper Expand 

Get SALT Encoding   

  12  0:01  SCV  
  13  0:13  SCV  
  14  0:17  Supply Depot  
  14  0:25  SCV  
  15  0:39  SCV  
  15  0:41  Barracks  
  16  0:45  Refinery  
  16  0:51  SCV  
  17  1:03  SCV  
  18  1:15  SCV  
  19  1:28  Reaper, Orbital Command  
  20  1:39  Command Center  
  20  1:48  Supply Depot  
  20  1:54  SCV  
  21  2:00  Marine  
  22  2:06  SCV  
  23  2:09  Factory  
  23  2:12  Refinery  
  23  2:18  SCV  
  23  2:21  Barracks Reactor  
  24  2:30  SCV  
  25  2:42  SCV  
  26  2:53  Starport  
  26  2:54  SCV, Orbital Command  
  27  3:03  Hellion x2  
  31  3:06  SCV, Barracks Reactor  
  32  3:16  Supply Depot  
  32  3:18  SCV  
  32  3:19  SCV  
  34  3:24  Hellion x2  
  38  3:31  SCV x2  
  40  3:41  Supply Depot  
  40  3:43  SCV x2  
  40  3:46  Hellion x2  
  40  3:48  Viking  
  48  3:51  Viking  
  48  3:55  SCV x2  
  52  4:08  SCV, Armory  
  52  4:09  Hellion x2  
  57  4:13  SCV, Supply Depot  
  58  4:18  Viking  
  58  4:23  Viking  
  62  4:34  SCV  
  62  4:35  SCV, Supply Depot, Hellion x2  
  68  4:47  Command Center  
  68  4:49  SCV  
  69  4:57  Hellion x2  
  73  5:00  Viking  
  73  5:06  SCV  
  76  5:13  Refinery x2  
  76  5:18  Barracks Tech Lab  
  76  5:19  Factory  
  76  5:20  Factory  
  78  5:21  Hellion  
  78  5:25  Hellion  
  71  5:31  SCV  
  62  5:39  SCV  
  61  5:43  Hellion  
  61  5:44  SCV  
  61  5:46  Hellion  
  61  5:47  Barracks Tech Lab  
  62  5:51  SCV  
  62  5:56  SCV  
  60  6:03  SCV  
  63  6:04  Hellion  
  63  6:07  Hellion  
  63  6:08  SCV  
  66  6:15  SCV, Cyclone x2, Mag-Field Accelerator  
  73  6:20  SCV, Infernal Pre-Igniter  
  73  6:21  Refinery  
  73  6:22  Engineering Bay  
  73  6:23  Orbital Command  
  76  6:25  Hellion  
  76  6:28  SCV, Supply Depot  
  76  6:30  Hellion  
  79  6:35  Terran Vehicle And Ship Armor Level 1  
  79  6:36  SCV  
  79  6:38  Refinery  
  80  6:41  SCV  
  80  6:46  Liberator  
  83  6:47  Cyclone, Hellion  
  83  6:49  SCV  
  83  6:51  Liberator  
  83  6:52  Hellion  
  89  6:55  SCV, Supply Depot  
  89  6:57  Cyclone  
  89  7:00  SCV  
  94  7:01  SCV  
  94  7:02  Supply Depot  
  101  7:16  SCV x2  
  101  7:17  Hellion x2  
  101  7:18  Supply Depot  
  101  7:19  SCV  
  108  7:25  Cyclone  
  108  7:28  SCV x2, Supply Depot  
  113  7:31  Cyclone  
  113  7:33  SCV  
  113  7:34  Liberator  
  113  7:36  Liberator  
  117  7:40  SCV  
  117  7:42  Hellion  
  117  7:43  Hellion  
  122  7:44  Barracks Reactor  
  122  7:46  Factory x2  
  122  7:47  Supply Depot  
  122  7:52  Supply Depot  
  128  8:00  SCV, Cyclone  
  128  8:02  Supply Depot  
  128  8:04  SCV  
  133  8:09  Hellion x2  
  133  8:11  Cyclone  
  140  8:14  Supply Depot  
  140  8:23  Command Center  
  140  8:24  SCV  
  140  8:26  SCV x2  
  143  8:36  SCV  
  143  8:38  SCV  
  143  8:40  SCV, Factory Tech Lab  
  146  8:47  Cyclone  
  108  8:48  Cyclone  
  108  8:49  Hellion  
  108  8:50  Hellion  
  108  8:51  Hellion  
  103  8:57  Hellion x2  
  103  9:00  Hellion  
  103  9:01  Terran Vehicle And Ship Armor Level 2  
  105  9:07  Viking x2  
  109  9:11  Armory, Siege Tank  
  109  9:12  Hellion  
  109  9:16  Hellion  
  116  9:19  Cyclone  
  116  9:22  Siege Tank  
  116  9:23  Hellion  
  124  9:27  Hellion, Liberator x2  
  124  9:29  SCV x2  
  128  9:34  Hellion  
  130  9:39  Command Center  
  130  9:43  Siege Tank  
  139  9:47  Hellion x2  
  139  9:48  Hellion  
  139  9:51  Hellion  
  147  9:55  SCV  
  147  9:58  Siege Tank  
  147  9:59  Hellion  
  133  10:07  SCV x3  
  133  10:08  Hellion  
  133  10:09  Hellion  
  133  10:12  Terran Vehicle Weapons Level 1  
  133  10:13  Siege Tank  
  143  10:15  Siege Tank  
  143  10:16  Hellion  
  148  10:22  Hellion  
  148  10:23  Planetary Fortress, Sensor Tower  
  148  10:25  SCV  
  148  10:27  SCV, Refinery  
  152  10:30  Refinery  
  152  10:32  Viking x2  
  152  10:35  SCV  
  157  10:37  SCV  
  157  10:38  Siege Tank  
  157  10:42  Supply Depot, Hellion  
  163  10:43  Hellion  
  163  10:46  Hellion  
  163  10:47  Hellion  
  163  10:49  Hellion  
  161  10:50  Hellion  
  153  11:02  Viking x2  
  153  11:03  SCV x3  
  153  11:04  SCV  
  161  11:12  Siege Tank x3  
  161  11:13  Hellion x3  
  161  11:15  Planetary Fortress  
  161  11:16  SCV x2  
  161  11:17  SCV  
  161  11:18  SCV  
  180  11:22  Refinery  
  180  11:23  Refinery  
  180  11:28  SCV  
  180  11:29  SCV  
  180  11:32  Hellion, Viking x2  
  188  11:36  SCV  
  189  11:40  Terran Ship Weapons Level 1  
  189  11:42  Barracks Tech Lab  
  189  11:44  Siege Tank  
  189  11:45  Ghost Academy  
  189  11:46  Hellion  
  194  11:47  Hellion, Command Center  
  194  11:48  SCV, Hellion x11  
  194  11:50  Hellion  
  199  12:09  Smart Servos  
  197  12:17  Siege Tank, Hellion  
  196  12:23  Hellion  
  198  12:34  Barracks  
  198  12:36  Barracks  
  198  12:37  Barracks x2  
  198  12:43  Siege Tank, Hellion  
  193  12:50  Terran Infantry Weapons Level 1, Viking  
  190  12:51  Engineering Bay  
  170  12:59  Hellion  
  170  13:02  Hellion  
  170  13:03  Hellion  
  144  13:05  Viking  
  144  13:11  Personal Cloaking  
  143  13:16  Thor x2  
  143  13:17  Thor  
  143  13:19  Hellion  
  157  13:20  Viking  
  157  13:24  Terran Infantry Armor Level 1  
  157  13:25  Barracks Tech Lab x3  
  157  13:26  Barracks Tech Lab  
  159  13:30  Terran Vehicle Weapons Level 2  
  159  13:32  SCV  
  156  13:35  Viking  
  156  13:37  Hellion x2  
  156  13:38  Hellion  
  158  13:41  Ghost  
  158  13:42  Barracks Tech Lab  
  158  13:43  Barracks Tech Lab, Ghost x2  
  158  13:47  SCV  
  165  13:50  Hellion  
  167  14:00  Thor x3  
  185  14:05  Hellion  
  185  14:06  SCV  
  185  14:09  Ghost  
  188  14:11  SCV  
  188  14:12  Ghost x2  
  188  14:16  Terran Vehicle And Ship Armor Level 3  
  188  14:17  Ghost x2  
  199  14:24  Planetary Fortress  
  199  14:42  Nuke  
  199  14:46  Refinery, Command Center  
  199  14:47  Refinery  
  199  14:48  Terran Infantry Weapons Level 2  
  185  15:02  Ghost x2  
  185  15:06  SCV x3  
  184  15:07  Ghost x3  
  184  15:11  SCV  
  191  15:15  Sensor Tower  
  191  15:16  Sensor Tower  
  191  15:18  SCV  
  198  15:24  SCV  
  198  15:27  SCV  
  198  15:28  SCV  
  195  15:29  SCV  
  195  15:31  Ghost x2  
  195  15:33  Command Center x2  
  195  15:34  Command Center  
  197  15:59  Missile Turret  
  197  16:01  Missile Turret  
  197  16:03  Command Center  
  182  16:28  Ghost  
  184  16:33  Planetary Fortress  
  184  16:45  Terran Infantry Armor Level 2  
  184  16:53  Terran Ship Weapons Level 2  
  181  16:58  Ghost x4  
  189  17:03  Refinery  
  189  17:06  Orbital Command x2  
  189  17:07  Orbital Command  
  183  17:10  Ghost  
  183  17:21  Thor x3  
  196  17:30  Ghost x2  
  192  17:51  Ghost x2  
  183  18:06  Thor x2  
  183  18:11  Refinery  
  195  18:13  Refinery  
  195  18:15  Refinery  
Tags
 
Add a new tag
Caveats
  • Supply blocks, unpowered buildings, or Contaminate may cause inaccurate times.
  • Supply counts are checked every 10 seconds.